[Event "Najdorf Memorial-A 2022"]
[Site "Warsaw"]
[Date "2022.07.12"]
[Round "4.6"]
[White "Chomczyk, Marek"]
[Black "Vanduyfhuys, Daria"]
[Result "1-0"]
[ECO "B23"]
[WhiteElo "2290"]
[BlackElo "2094"]
[Annotator "ChessBase"]
[PlyCount "105"]
[EventDate "2022.07.09"]
[EventType "swiss"]
[EventCountry "POL"]
[SourceTitle "playchess.com"]
[Source "ChessBase"]
[SourceQuality "1"]
[TimeControl "40/5400+30:1800+30"]

1. e4 c5 2. Nc3 d6 3. d4 cxd4 4. Qxd4 Nc6 5. Qd2 g6 6. b3 Bh6 7. f4 Nf6 8. Bb2 e5 9. g3 exf4 10. O-O-O Bg4 11. Re1 O-O 12. Kb1 Nh5 13. Be2 Ne5 14. Nd5 fxg3 15. Qxh6 g2 16. Nh3 gxh1=Q 17. Rxh1 Bxh3 18. Bxh5 Bg2 19. Re1 Qh4 20. Qd2 Kg7 21. Nf4 Rad8 22. Nxg2 Qxh5 23. Ne3 f6 24. Rf1 Qh3 25. a4 Rd7 26. Rf2 Qh4 27. Rf4 Qg5 28. h4 Qg1+ 29. Rf1 Qg3 30. h5 Qh4 31. hxg6 hxg6 32. Qd4 Qh3 33. Qxa7 Ng4 34. Re1 Qg3 35. Re2 Qf3 36. Nxg4 Qxe2 37. Ne3 Rff7 38. Qd4 Qe1+ 39. Ka2 b5 40. Bc3 Qh1 41. Nd5 Qf3 42. a5 Rd8 43. Qb6 Re8 44. Kb2 Qxe4 45. Nc7 Rh8 46. Qxd6 Rh1 47. Ne6+ Kh7 48. Nd8 Qe3 49. Nxf7 Qc1+ 50. Ka2 Qxc2+ 51. Bb2 Rh2 52. Qxf6 Qxb2+ 53. Qxb2 1-0

[Event "Najdorf Memorial-A 2022"]
[Site "Warsaw"]
[Date "2022.07.12"]
[Round "4.6"]
[White "Zdybel, Przemyslaw"]
[Black "Lee, Hyuk"]
[Result "1-0"]
[ECO "B33"]
[WhiteElo "2026"]
[BlackElo "1880"]
[Annotator "ChessBase"]
[PlyCount "95"]
[EventDate "2022.07.09"]
[EventType "swiss"]
[EventCountry "POL"]
[SourceTitle "playchess.com"]
[Source "ChessBase"]
[SourceQuality "1"]
[TimeControl "40/5400+30:1800+30"]

1. e4 c5 2. Nc3 Nc6 3. Nf3 Nf6 4. d4 cxd4 5. Nxd4 e5 6. Ndb5 d6 7. Bg5 a6 8. Na3 b5 9. Nd5 Be7 10. Bxf6 Bxf6 11. c3 O-O 12. Nc2 Bg5 13. a4 bxa4 14. Rxa4 a5 15. Bc4 Kh8 16. b3 Rb8 17. Nce3 Bd7 18. Ra2 Ne7 19. O-O Bxe3 20. Nxe3 Bc6 21. Rd2 Bxe4 22. Rxd6 Qc8 23. Rd7 Rb7 24. Rxb7 Bxb7 25. Qd6 Ng6 26. Rd1 f5 27. Be6 Qa8 28. Bxf5 Nf4 29. Qxe5 Nxg2 30. Rd7 Rg8 31. Nxg2 Bxg2 32. Qg3 Be4 33. Be6 Qe8 34. Qg4 Bc6 35. Rc7 Bf3 36. Qf5 Rf8 37. Rf7 Rxf7 38. Qxf7 Qa8 39. c4 Be2 40. Qe7 Qb8 41. Bd5 Bd1 42. c5 h5 43. c6 Qf4 44. Qe8+ Kh7 45. Qe4+ Qxe4 46. Bxe4+ Kh6 47. c7 Bg4 48. Bb7 1-0

[Event "Najdorf Memorial-A 2022"]
[Site "Warsaw"]
[Date "2022.07.12"]
[Round "4.7"]
[White "Liberadzki, Slawomir"]
[Black "Nowak, Lukasz"]
[Result "1/2-1/2"]
[ECO "A22"]
[WhiteElo "2035"]
[BlackElo "2327"]
[Annotator "ChessBase"]
[PlyCount "70"]
[EventDate "2022.07.09"]
[EventType "swiss"]
[EventCountry "POL"]
[SourceTitle "playchess.com"]
[Source "ChessBase"]
[SourceQuality "1"]
[TimeControl "40/5400+30:1800+30"]

1. c4 e5 2. Nc3 Nf6 3. g3 c6 4. Nf3 e4 5. Nd4 Qb6 6. e3 d5 7. cxd5 cxd5 8. d3 Bb4 9. Bg2 O-O 10. O-O Nc6 11. dxe4 Bxc3 12. Nxc6 bxc6 13. bxc3 dxe4 14. Qc2 Re8 15. c4 Ba6 16. Bb2 Bxc4 17. Bd4 c5 18. Qxc4 cxd4 19. Qxd4 Qa5 20. Rfc1 Rad8 21. Rc5 Qb6 22. Qc3 Rd3 23. Qc2 Red8 24. Rb1 Qd6 25. Rc8 h5 26. h3 Rd2 27. Rxd8+ Qxd8 28. Qc4 Qe7 29. Rb8+ Kh7 30. Rb4 Rxa2 31. Bxe4+ Nxe4 32. Qxe4+ Qxe4 33. Rxe4 g5 34. h4 f6 35. hxg5 fxg5 1/2-1/2

[Event "Najdorf Memorial-A 2022"]
[Site "Warsaw"]
[Date "2022.07.12"]
[Round "4.7"]
[White "Maslanka, Wojciech"]
[Black "Haliniak, Wojciech"]
[Result "1-0"]
[ECO "B36"]
[WhiteElo "2000"]
[BlackElo "1827"]
[Annotator "ChessBase"]
[PlyCount "113"]
[EventDate "2022.07.09"]
[EventType "swiss"]
[EventCountry "POL"]
[SourceTitle "playchess.com"]
[Source "ChessBase"]
[SourceQuality "1"]
[TimeControl "40/5400+30:1800+30"]

1. e4 c5 2. Nf3 g6 3. d4 cxd4 4. Nxd4 Nc6 5. c4 Nf6 6. Nc3 d6 7. f3 Nxd4 8. Qxd4 Bg7 9. Be3 O-O 10. Qd2 Qa5 11. Rc1 Be6 12. Be2 Rfc8 13. b3 a6 14. Na4 Qxd2+ 15. Kxd2 Nd7 16. g4 f5 17. gxf5 gxf5 18. Rhg1 Kh8 19. Nc3 Rf8 20. exf5 Bxf5 21. Rg2 Ne5 22. Rcg1 Ng6 23. Ne4 Be5 24. Bd3 Nf4 25. Bxf4 Bxf4+ 26. Ke2 Bh6 27. Nf2 Bxd3+ 28. Nxd3 Rf6 29. Rg4 b5 30. Re4 bxc4 31. bxc4 e6 32. Rd4 e5 33. Rd5 Rc8 34. Rg4 Bf8 35. Ra5 Rh6 36. h4 Rc6 37. Nb4 Rb6 38. a3 Be7 39. Nd5 Rb2+ 40. Kd3 Bxh4 41. Rxa6 Rb8 42. c5 Bd8 43. cxd6 Rh3 44. Ke4 h5 45. Rg1 Kh7 46. Ra7+ Kh6 47. Rag7 h4 48. Rg8 Rg3 49. R1xg3 hxg3 50. Rxg3 Ra8 51. Rg8 Ra4+ 52. Kxe5 Ba5 53. d7 Rxa3 54. f4 Ra1 55. d8=Q Re1+ 56. Kf6 Bxd8+ 57. Rxd8 1-0

[Event "Najdorf Memorial-A 2022"]
[Site "Warsaw"]
[Date "2022.07.12"]
[Round "4.8"]
[White "Mickiewicz, Piotr"]
[Black "Goraj, Barbara"]
[Result "1-0"]
[ECO "A14"]
[WhiteElo "2284"]
[BlackElo "2035"]
[Annotator "ChessBase"]
[PlyCount "93"]
[EventDate "2022.07.09"]
[EventType "swiss"]
[EventCountry "POL"]
[SourceTitle "playchess.com"]
[Source "ChessBase"]
[SourceQuality "1"]
[TimeControl "40/5400+30:1800+30"]

1. c4 e6 2. g3 Nf6 3. Bg2 d5 4. Nf3 Be7 5. O-O O-O 6. d4 dxc4 7. Qc2 c6 8. Qxc4 b5 9. Qc2 Bb7 10. Nc3 Qb6 11. Bg5 c5 12. dxc5 Qxc5 13. Bxf6 Bxf6 14. Ng5 Bxg5 15. Bxb7 Nc6 16. Bxa8 Rxa8 17. Qd3 g6 18. Ne4 Qf5 19. Nxg5 Qxg5 20. Qe4 Rc8 21. Rac1 Ne7 22. Rxc8+ Nxc8 23. Qb7 Qc5 24. Rd1 Nb6 25. Qxa7 Kg7 26. Qa5 Nd5 27. Qd2 Nf6 28. Qd4 Qc2 29. Qd2 Qf5 30. Qd3 Qh3 31. Qd4 Qh5 32. f3 Qf5 33. Kg2 Qc2 34. Rd2 Qc1 35. Rd1 Qc2 36. Kf2 e5 37. Qd2 Qf5 38. Kg2 h5 39. e4 Qe6 40. Qd6 Qxa2 41. Qxe5 Qc4 42. Rd2 h4 43. gxh4 b4 44. h5 Qa6 45. hxg6 fxg6 46. Qe7+ Kh6 47. Qd6 1-0

[Event "Najdorf Memorial-A 2022"]
[Site "Warsaw"]
[Date "2022.07.12"]
[Round "4.8"]
[White "Kaczmarska, Joanna"]
[Black "Kotowicz, Kamil"]
[Result "1/2-1/2"]
[ECO "D31"]
[WhiteElo "1965"]
[BlackElo "1770"]
[Annotator "ChessBase"]
[PlyCount "96"]
[EventDate "2022.07.09"]
[EventType "swiss"]
[EventCountry "POL"]
[SourceTitle "playchess.com"]
[Source "ChessBase"]
[SourceQuality "1"]
[TimeControl "40/5400+30:1800+30"]

1. d4 d5 2. c4 e6 3. Nc3 c6 4. Qc2 f5 5. Bf4 Nf6 6. e3 Be7 7. Nf3 O-O 8. Bd3 Ne4 9. h4 Nd7 10. O-O-O Ndf6 11. Ne5 Qa5 12. Bxe4 Nxe4 13. Nxe4 fxe4 14. Kb1 Qd8 15. f3 Bf6 16. fxe4 a5 17. c5 Bd7 18. Nxd7 Qxd7 19. e5 Bd8 20. h5 b6 21. cxb6 Bxb6 22. Rh3 Rac8 23. h6 g6 24. Qa4 Qa7 25. Rf3 c5 26. Bg5 Rxf3 27. gxf3 cxd4 28. exd4 Qf7 29. Rc1 Rxc1+ 30. Kxc1 Kf8 31. Qa3+ Ke8 32. Qd6 Qc7+ 33. Qxc7 Bxc7 34. Bd2 Kd7 35. Kc2 Kc6 36. a4 Bd8 37. b4 axb4 38. Bxb4 Kb6 39. Bd2 Ka6 40. Kb3 Be7 41. Kc2 Bf8 42. Kd3 Kb6 43. Ke2 Ba3 44. Kf2 Bb2 45. Ke3 Ka6 46. Kd3 Ba3 47. Kc2 Bf8 48. Kb3 Be7 1/2-1/2

[Event "Najdorf Memorial-A 2022"]
[Site "Warsaw"]
[Date "2022.07.12"]
[Round "4.9"]
[White "Fiszer, Bartosz"]
[Black "Gorkiewicz, Mateusz"]
[Result "1/2-1/2"]
[ECO "C70"]
[WhiteElo "2228"]
[BlackElo "2023"]
[Annotator "ChessBase"]
[PlyCount "117"]
[EventDate "2022.07.09"]
[EventType "swiss"]
[EventCountry "POL"]
[SourceTitle "playchess.com"]
[Source "ChessBase"]
[SourceQuality "1"]
[TimeControl "40/5400+30:1800+30"]

1. e4 e5 2. Nf3 Nc6 3. Bb5 a6 4. Ba4 Bc5 5. c3 Nge7 6. d4 exd4 7. cxd4 Bb4+ 8. Bd2 Bxd2+ 9. Qxd2 d5 10. exd5 Nxd5 11. Bxc6+ bxc6 12. O-O O-O 13. Rc1 Ne7 14. Nc3 Be6 15. Na4 Bd5 16. Ne5 f6 17. Nd3 Qd7 18. Nf4 Bf7 19. Nc5 Qf5 20. Re1 Nd5 21. Nxd5 Bxd5 22. f3 Rf7 23. b3 h5 24. Re3 Qg5 25. Rae1 Re7 26. Qf2 Rxe3 27. Qxe3 Qxe3+ 28. Rxe3 Kf7 29. Kf2 a5 30. Ke2 g5 31. Kf2 Rb8 32. Na6 Rb7 33. Re2 Ra7 34. Nc5 Ra8 35. Re1 h4 36. Re2 Ra7 37. Na4 Ra8 38. Rc2 Ke7 39. Rc5 Kd6 40. Nb2 Kd7 41. Na4 Ke6 42. Nc3 Kd6 43. Kf1 Ra6 44. Kg1 Ra8 45. Kf2 Ra6 46. g3 hxg3+ 47. Kxg3 Ra8 48. h3 f5 49. f4 gxf4+ 50. Kxf4 Be6 51. Re5 Rh8 52. Kg3 Rg8+ 53. Kh2 Ra8 54. Na4 Rf8 55. Nc5 Bd5 56. Nb7+ Kd7 57. Nc5+ Kd6 58. Nb7+ Kd7 59. Nc5+ 1/2-1/2

[Event "Najdorf Memorial-A 2022"]
[Site "Warsaw"]
[Date "2022.07.12"]
[Round "4.9"]
[White "Owoc, Jakub"]
[Black "Siekanska, Maria"]
[Result "1-0"]
[ECO "B90"]
[WhiteElo "1756"]
[BlackElo "1964"]
[Annotator "ChessBase"]
[PlyCount "58"]
[EventDate "2022.07.09"]
[EventType "swiss"]
[EventCountry "POL"]
[SourceTitle "playchess.com"]
[Source "ChessBase"]
[SourceQuality "1"]
[TimeControl "40/5400+30:1800+30"]

1. e4 c5 2. Nf3 d6 3. d4 cxd4 4. Nxd4 Nf6 5. Nc3 a6 6. Rg1 h5 7. h3 e5 8. Nb3 Be6 9. Be3 Nc6 10. Qd2 b5 11. O-O-O Na5 12. Nd5 Nxb3+ 13. axb3 Bxd5 14. exd5 Qc7 15. f4 Nd7 16. g4 hxg4 17. Rxg4 g6 18. Re1 O-O-O 19. Kb1 Re8 20. c4 Nf6 21. cxb5 Kb8 22. Rc1 Qd7 23. bxa6 Rc8 24. Rxc8+ Qxc8 25. Bb5 Nxg4 26. a7+ Ka8 27. Bc6+ Qxc6 28. dxc6 Bg7 29. Qb4 Rb8 1-0

[Event "Najdorf Memorial-A 2022"]
[Site "Warsaw"]
[Date "2022.07.12"]
[Round "4.10"]
[White "Jedrusik, Adam"]
[Black "Golecki, Jan"]
[Result "0-1"]
[ECO "E46"]
[WhiteElo "1960"]
[BlackElo "2219"]
[Annotator "ChessBase"]
[PlyCount "104"]
[EventDate "2022.07.09"]
[EventType "swiss"]
[EventCountry "POL"]
[SourceTitle "playchess.com"]
[Source "ChessBase"]
[SourceQuality "1"]
[TimeControl "40/5400+30:1800+30"]

1. d4 Nf6 2. c4 e6 3. Nc3 Bb4 4. e3 O-O 5. Nge2 b6 6. a3 Be7 7. Nf4 d5 8. cxd5 exd5 9. Bd3 c6 10. O-O Re8 11. h3 Bd6 12. Qf3 Ba6 13. Bxa6 Nxa6 14. Bd2 Qd7 15. Rfc1 Nc7 16. Nce2 Ne4 17. Be1 Ne6 18. Qg4 Nf6 19. Qh4 Nxf4 20. Nxf4 Re4 21. Bd2 Bxf4 22. exf4 Re2 23. Bc3 Rae8 24. Re1 h6 25. g4 R2e4 26. f3 Re3 27. Qf2 Rxe1+ 28. Rxe1 Rxe1+ 29. Qxe1 Qe8 30. Qd2 Qe6 31. Kf2 Ne8 32. Qd3 f5 33. Qa6 Qd7 34. Qe2 Kf7 35. Qe5 Nd6 36. Bb4 Nc4 37. Qb8 Nxb2 38. Qf8+ Kg6 39. gxf5+ Qxf5 40. Qe8+ Kh7 41. Qxc6 Nd3+ 42. Ke3 Nxf4 43. Bd6 Ng6 44. Qc7 Nh4 45. Be5 Qxf3+ 46. Kd2 Nf5 47. Qxa7 Qe3+ 48. Kc2 Nxd4+ 49. Bxd4 Qxd4 50. Qd7 Qe4+ 51. Kd2 d4 52. Qc8 Qe3+ 0-1

[Event "Najdorf Memorial-A 2022"]
[Site "Warsaw"]
[Date "2022.07.12"]
[Round "4.10"]
[White "Zalega, Maciej"]
[Black "Jaskiewicz, Kacper"]
[Result "1-0"]
[ECO "B15"]
[WhiteElo "1912"]
[BlackElo "1756"]
[Annotator "ChessBase"]
[PlyCount "45"]
[EventDate "2022.07.09"]
[EventType "swiss"]
[EventCountry "POL"]
[SourceTitle "playchess.com"]
[Source "ChessBase"]
[SourceQuality "1"]
[TimeControl "40/5400+30:1800+30"]

1. e4 c6 2. d4 d5 3. Nc3 dxe4 4. Nxe4 Nf6 5. Nxf6+ exf6 6. c3 Bd6 7. Bd3 O-O 8. Qc2 Re8+ 9. Ne2 h5 10. O-O h4 11. Nf4 Qc7 12. g3 Nd7 13. Qd1 Nf8 14. Qh5 Bd7 15. Bd2 Re7 16. Kh1 Rae8 17. Rg1 hxg3 18. hxg3 Qc8 19. Kg2 Bg4 20. Qh2 Bf5 21. Rh1 Ng6 22. Qh7+ Kf8 23. Qh8+ 1-0

[Event "Najdorf Memorial-A 2022"]
[Site "Warsaw"]
[Date "2022.07.12"]
[Round "4.11"]
[White "Markiewicz, Jerzy"]
[Black "Dovzhenko, Alexander"]
[Result "1/2-1/2"]
[ECO "B32"]
[WhiteElo "2205"]
[BlackElo "1973"]
[Annotator "ChessBase"]
[PlyCount "66"]
[EventDate "2022.07.09"]
[EventType "swiss"]
[EventCountry "POL"]
[SourceTitle "playchess.com"]
[Source "ChessBase"]
[SourceQuality "1"]
[TimeControl "40/5400+30:1800+30"]

1. e4 c5 2. Nf3 Nc6 3. d4 cxd4 4. Nxd4 e5 5. Nb5 a6 6. Nd6+ Bxd6 7. Qxd6 Qf6 8. Qxf6 Nxf6 9. Nc3 b5 10. f3 Bb7 11. Bg5 Nd4 12. O-O-O Rc8 13. a3 Ne6 14. Bxf6 gxf6 15. Nd5 Bxd5 16. Rxd5 Ke7 17. c3 Rhd8 18. g3 Nc7 19. Rd2 a5 20. b4 axb4 21. axb4 d5 22. Bh3 Ne6 23. Kb2 d4 24. cxd4 Rc4 25. Bxe6 fxe6 26. d5 Rxb4+ 27. Kc3 Rc4+ 28. Kb3 exd5 29. exd5 Ra8 30. d6+ Kd7 31. Rd5 Kc6 32. Rhd1 Raa4 33. d7 Rab4+ 1/2-1/2

[Event "Najdorf Memorial-A 2022"]
[Site "Warsaw"]
[Date "2022.07.12"]
[Round "4.11"]
[White "Rejniak, Zuzanna"]
[Black "Fiedorek, Michal"]
[Result "1/2-1/2"]
[ECO "B42"]
[WhiteElo "1813"]
[BlackElo "2289"]
[Annotator "ChessBase"]
[PlyCount "88"]
[EventDate "2022.07.09"]
[EventType "swiss"]
[EventCountry "POL"]
[SourceTitle "playchess.com"]
[Source "ChessBase"]
[SourceQuality "1"]
[TimeControl "40/5400+30:1800+30"]

1. e4 c5 2. Nf3 e6 3. d4 cxd4 4. Nxd4 a6 5. Bd3 Nf6 6. O-O Qc7 7. c4 d6 8. Nc3 g6 9. Be3 Bg7 10. Rc1 O-O 11. f3 Nbd7 12. Qd2 b6 13. Rfd1 Bb7 14. Be2 Rfe8 15. b4 Bf8 16. a4 Rac8 17. Qa2 Qb8 18. Bf2 Ne5 19. Rc2 Qa8 20. a5 bxa5 21. bxa5 Qb8 22. Na4 Qc7 23. Nb6 Rcd8 24. Nb3 Nfd7 25. Qb2 Nc5 26. Nxc5 dxc5 27. Rcd2 Bg7 28. Qc2 f5 29. Rxd8 Rxd8 30. exf5 Rxd1+ 31. Qxd1 gxf5 32. f4 Qc6 33. Qd8+ Bf8 34. Qg5+ Ng6 35. Bf3 Qd6 36. h4 Be7 37. Qh5 Bxf3 38. Qxf3 Nxh4 39. Qa8+ Kg7 40. Qxa6 Qxf4 41. Qb7 Ng6 42. Nc8 Qc1+ 43. Kh2 Qh6+ 44. Kg1 Qc1+ 1/2-1/2

[Event "Najdorf Memorial-A 2022"]
[Site "Warsaw"]
[Date "2022.07.12"]
[Round "4.12"]
[White "Starosciak, Szymon"]
[Black "Padalka, Artem"]
[Result "0-1"]
[ECO "B27"]
[WhiteElo "1901"]
[BlackElo "2204"]
[Annotator "ChessBase"]
[PlyCount "112"]
[EventDate "2022.07.09"]
[EventType "swiss"]
[EventCountry "POL"]
[SourceTitle "playchess.com"]
[Source "ChessBase"]
[SourceQuality "1"]
[TimeControl "40/5400+30:1800+30"]

1. e4 c5 2. Nf3 g6 3. c4 Bg7 4. d4 d6 5. d5 Nf6 6. Nc3 O-O 7. Bd3 e6 8. h3 exd5 9. exd5 Re8+ 10. Be3 Na6 11. O-O Nc7 12. a4 Na6 13. Qd2 Nb4 14. Bb1 Nd7 15. Bg5 f6 16. Bf4 Ne5 17. Nxe5 dxe5 18. Be3 b6 19. a5 Ba6 20. b3 f5 21. Bg5 Qd6 22. f3 e4 23. fxe4 Qe5 24. Rc1 fxe4 25. Bxe4 Qd4+ 26. Be3 Qxd2 27. Bxd2 Bd4+ 28. Kh2 Bxc3 29. Bxc3 Rxe4 30. Bxb4 cxb4 31. axb6 axb6 32. Ra4 Bb7 33. Rxb4 Ra6 34. Rd1 Bc8 35. Kg3 Bd7 36. Kf3 Re7 37. Rd4 Kg7 38. Re4 Kf6 39. Kf4 g5+ 40. Ke3 Bf5 41. Rxe7 Kxe7 42. Kd4 Bd7 43. Ke5 h5 44. h4 gxh4 45. d6+ Kf7 46. c5 Ra5 47. Rf4+ Ke8 48. b4 Ra2 49. Rxh4 Bg4 50. Kd5 bxc5 51. bxc5 Rxg2 52. c6 Rc2 53. c7 Kd7 54. Ke5 Rc5+ 55. Kf6 Kxd6 56. Rh2 Kxc7 0-1

[Event "Najdorf Memorial-A 2022"]
[Site "Warsaw"]
[Date "2022.07.12"]
[Round "4.12"]
[White "Szwaj, Justyna"]
[Black "Kulpa, Zuzanna"]
[Result "1-0"]
[ECO "B90"]
[WhiteElo "1797"]
[BlackElo "1985"]
[Annotator "ChessBase"]
[PlyCount "73"]
[EventDate "2022.07.09"]
[EventType "swiss"]
[EventCountry "POL"]
[SourceTitle "playchess.com"]
[Source "ChessBase"]
[SourceQuality "1"]
[TimeControl "40/5400+30:1800+30"]

1. e4 c5 2. Nf3 d6 3. d4 cxd4 4. Nxd4 Nf6 5. Nc3 a6 6. h3 e5 7. Nde2 h5 8. g3 Be6 9. Bg2 b5 10. Be3 Nbd7 11. O-O Be7 12. a4 b4 13. Nd5 Nxd5 14. exd5 Bf5 15. a5 Rb8 16. Qd2 Nc5 17. f4 Bh7 18. Bxc5 dxc5 19. fxe5 Bg5 20. Nf4 O-O 21. Qe2 Rb5 22. Nxh5 Rxa5 23. Rxa5 Qxa5 24. Qg4 Bh6 25. Nf6+ Kh8 26. Nd7 Re8 27. Rxf7 Qd8 28. h4 Bg8 29. Rxg7 Bxg7 30. Qh5+ Bh7 31. Be4 Bh6 32. Nf6 Qxf6 33. exf6 Be3+ 34. Kg2 Rxe4 35. f7 Kg7 36. Qxh7+ Kxh7 37. f8=Q 1-0

[Event "Najdorf Memorial-A 2022"]
[Site "Warsaw"]
[Date "2022.07.12"]
[Round "4.13"]
[White "Harazinska, Magdalena"]
[Black "Kaminski, Jan"]
[Result "1/2-1/2"]
[ECO "D15"]
[WhiteElo "1976"]
[BlackElo "1870"]
[Annotator "ChessBase"]
[PlyCount "68"]
[EventDate "2022.07.09"]
[EventType "swiss"]
[EventCountry "POL"]
[SourceTitle "playchess.com"]
[Source "ChessBase"]
[SourceQuality "1"]
[TimeControl "40/5400+30:1800+30"]

1. Nf3 d5 2. d4 Nf6 3. c4 c6 4. Nc3 a6 5. Bg5 Ne4 6. cxd5 Nxg5 7. Nxg5 cxd5 8. Nf3 e6 9. e3 Nc6 10. Be2 Bd6 11. O-O O-O 12. Rc1 f5 13. g3 g5 14. Ne1 Qf6 15. Bf3 Kh8 16. Bg2 Ne7 17. f4 Bd7 18. Nf3 gxf4 19. exf4 Rac8 20. Qb3 b5 21. Ne2 Nc6 22. Qe3 Qe7 23. Ne5 Nxe5 24. fxe5 Bc7 25. Nf4 Bb6 26. Nd3 Rc4 27. Rxc4 bxc4 28. Nf4 Qb4 29. Ng6+ hxg6 30. Qh6+ Kg8 31. Qxg6+ Kh8 32. Qh6+ Kg8 33. Qg6+ Kh8 34. Rf4 Qe1+ 1/2-1/2

[Event "Najdorf Memorial-A 2022"]
[Site "Warsaw"]
[Date "2022.07.12"]
[Round "4.13"]
[White "Bartodziej, Bartosz"]
[Black "Musial, Tomasz"]
[Result "0-1"]
[ECO "B18"]
[WhiteElo "1809"]
[BlackElo "2131"]
[Annotator "ChessBase"]
[PlyCount "112"]
[EventDate "2022.07.09"]
[EventType "swiss"]
[EventCountry "POL"]
[SourceTitle "playchess.com"]
[Source "ChessBase"]
[SourceQuality "1"]
[TimeControl "40/5400+30:1800+30"]

1. e4 c6 2. d4 d5 3. Nc3 dxe4 4. Nxe4 Bf5 5. Ng3 Bg6 6. h4 h6 7. Nf3 e6 8. h5 Bh7 9. Bd3 Bxd3 10. Qxd3 Nf6 11. Bd2 Be7 12. O-O-O O-O 13. Ne4 Nxe4 14. Qxe4 Qd5 15. Qxd5 cxd5 16. Kb1 Nc6 17. g4 Bd6 18. g5 hxg5 19. Bxg5 f6 20. Bc1 Kf7 21. Nh4 b5 22. Ng6 Rfc8 23. f4 Ne7 24. Nxe7 Bxe7 25. f5 exf5 26. Rdf1 Rc4 27. c3 b4 28. Bd2 bxc3 29. bxc3 Rb8+ 30. Kc2 Ra4 31. Rxf5 Rxa2+ 32. Kd3 a5 33. Rxd5 Ke6 34. c4 Rb3+ 35. Bc3 Bb4 36. Re1+ Kf7 37. Rd7+ Kg8 38. Rg1 Rxc3+ 39. Ke4 Re2+ 40. Kf5 Re7 41. Rxe7 Bxe7 42. h6 Bf8 43. hxg7 Bxg7 44. c5 a4 45. Ke6 a3 46. Rg2 Kf8 47. Kf5 Rc4 48. Ra2 Ra4 49. c6 Ke7 50. Kg6 Kd6 51. Kxg7 Kxc6 52. Kxf6 Kd5 53. Ke7 Kxd4 54. Rh2 Ra7+ 55. Kd6 Ra6+ 56. Kd7 a2 0-1

[Event "Najdorf Memorial-A 2022"]
[Site "Warsaw"]
[Date "2022.07.12"]
[Round "4.14"]
[White "Dalkowski, Rafal"]
[Black "Polak, Michal"]
[Result "1-0"]
[ECO "E15"]
[WhiteElo "2120"]
[BlackElo "1944"]
[Annotator "ChessBase"]
[PlyCount "149"]
[EventDate "2022.07.09"]
[EventType "swiss"]
[EventCountry "POL"]
[SourceTitle "playchess.com"]
[Source "ChessBase"]
[SourceQuality "1"]
[TimeControl "40/5400+30:1800+30"]

1. d4 Nf6 2. c4 e6 3. Nf3 b6 4. g3 Ba6 5. Qc2 Bb4+ 6. Bd2 Be7 7. Bg2 c6 8. O-O d5 9. b3 O-O 10. Rd1 Nbd7 11. a4 Qc8 12. Na3 c5 13. Nb5 cxd4 14. Nfxd4 Bb7 15. Bf4 a6 16. Nd6 Bxd6 17. Bxd6 Re8 18. Rac1 dxc4 19. Qxc4 Bxg2 20. Kxg2 Ne4 21. Qd3 Qb7 22. Rc7 Qd5 23. Rxd7 Nxd6+ 24. Nf3 Qxd3 25. Rxd3 Ne4 26. Rc7 Nc5 27. Rd6 Nxb3 28. Rxb6 Reb8 29. Rd6 Rd8 30. Rb6 Rdb8 31. Ra7 Nc5 32. a5 Rc8 33. Rc6 Rab8 34. Ne5 f6 35. Rxc5 Rxc5 36. Nd7 Rbb5 37. Nxc5 Rxc5 38. Rxa6 Kf7 39. h4 h5 40. Kf3 Rc2 41. Rb6 Rc5 42. a6 Ra5 43. Rb7+ Kg6 44. a7 Kh6 45. Ke3 g5 46. Kd3 Kg6 47. Kc4 Ra2 48. e4 f5 49. exf5+ Kxf5 50. hxg5 Kxg5 51. Kc5 h4 52. gxh4+ Kxh4 53. Rg7 e5 54. Kb6 e4 55. Kb7 Rb2+ 56. Kc7 Ra2 57. Kb8 Rb2+ 58. Kc7 Ra2 59. Kb6 Rb2+ 60. Kc5 Ra2 61. Kd5 Ra4 62. Kc6 Ra2 63. Re7 Kh3 64. Kb7 Rb2+ 65. Ka8 Re2 66. Re6 Kg2 67. Kb7 Rb2+ 68. Rb6 Ra2 69. Ra6 Rb2+ 70. Kc6 Kxf2 71. a8=Q e3 72. Ra2 Rxa2 73. Qxa2+ e2 74. Qf7+ Kg1 75. Qg6+ 1-0

[Event "Najdorf Memorial-A 2022"]
[Site "Warsaw"]
[Date "2022.07.12"]
[Round "4.14"]
[White "Staniak, Mariusz"]
[Black "Podgorski, Maciej"]
[Result "*"]
[ECO "A01"]
[WhiteElo "1777"]
[BlackElo "1967"]
[Annotator "ChessBase"]
[PlyCount "64"]
[EventDate "2022.07.09"]
[EventType "swiss"]
[EventCountry "POL"]
[SourceTitle "playchess.com"]
[Source "ChessBase"]
[SourceQuality "1"]
[TimeControl "40/5400+30:1800+30"]

1. b3 e5 2. Bb2 Nc6 3. e3 Nf6 4. Bb5 Qe7 5. Bxc6 dxc6 6. Ne2 Bf5 7. O-O O-O-O 8. Qc1 h5 9. d4 e4 10. c4 h4 11. Nbc3 h3 12. g3 Bg4 13. b4 Qe6 14. d5 Qf5 15. Nd4 Qh5 16. dxc6 bxc6 17. Qc2 Be6 18. Nxe6 fxe6 19. Qe2 Rd2 20. Qxh5 Rxh5 21. Rab1 Bxb4 22. Na4 Bd6 23. Nc3 Rc5 24. Rfd1 Rxd1+ 25. Rxd1 Rxc4 26. Rd4 Rc5 27. Rd1 Be5 28. Na4 Ra5 29. Bxe5 Rxe5 30. Nc3 Rc5 31. Ne2 e5 32. Nc1 Rc2 *

[Event "Najdorf Memorial-A 2022"]
[Site "Warsaw"]
[Date "2022.07.12"]
[Round "4.15"]
[White "Kazmierowski, Tymon"]
[Black "Spicak, Krzysztof"]
[Result "1-0"]
[ECO "A40"]
[WhiteElo "1961"]
[BlackElo "1858"]
[Annotator "ChessBase"]
[PlyCount "61"]
[EventDate "2022.07.09"]
[EventType "swiss"]
[EventCountry "POL"]
[SourceTitle "playchess.com"]
[Source "ChessBase"]
[SourceQuality "1"]
[TimeControl "40/5400+30:1800+30"]

1. d4 e6 2. c4 f5 3. Nf3 Nf6 4. g3 b6 5. Bg2 Bb7 6. O-O Be7 7. Nc3 O-O 8. b3 d6 9. d5 e5 10. Ng5 Qd7 11. Ne6 Rf7 12. e4 fxe4 13. Nxe4 Bf8 14. Bb2 Na6 15. N4g5 Re7 16. f4 e4 17. Bxf6 gxf6 18. Nxe4 Bg7 19. Qg4 Kh8 20. Qf5 Rf7 21. Bh3 Re8 22. Rae1 Bc8 23. Qh5 Qe7 24. Bf5 Bf8 25. Bg6 Kg8 26. Bxf7+ Qxf7 27. Nxf6+ Qxf6 28. Qxe8 Bxe6 29. Qxe6+ Qxe6 30. dxe6 Be7 31. f5 1-0

[Event "Najdorf Memorial-A 2022"]
[Site "Warsaw"]
[Date "2022.07.12"]
[Round "4.15"]
[White "Bojczewski, Mateusz"]
[Black "Praczukowski, Stanislaw"]
[Result "0-1"]
[ECO "A20"]
[WhiteElo "1735"]
[BlackElo "2055"]
[Annotator "ChessBase"]
[PlyCount "56"]
[EventDate "2022.07.09"]
[EventType "swiss"]
[EventCountry "POL"]
[SourceTitle "playchess.com"]
[Source "ChessBase"]
[SourceQuality "1"]
[TimeControl "40/5400+30:1800+30"]

1. c4 e5 2. g3 Nf6 3. Bg2 d5 4. cxd5 Nxd5 5. Nc3 Nb6 6. d3 Be7 7. Nf3 Nc6 8. b3 O-O 9. Bb2 Re8 10. O-O Bf8 11. a3 Nd4 12. Nxd4 exd4 13. Ne4 a5 14. Nd2 c6 15. Nc4 Bg4 16. Re1 Nxc4 17. dxc4 Bc5 18. Qd3 Qd6 19. Bf3 Bxf3 20. Qxf3 Rad8 21. a4 Qe7 22. Rad1 Rd6 23. Qg4 Rg6 24. Qh5 Bb4 25. Rf1 c5 26. Rfe1 Bxe1 27. Rxe1 Re6 28. Kf1 Rh6 0-1

[Event "Najdorf Memorial-A 2022"]
[Site "Warsaw"]
[Date "2022.07.12"]
[Round "4.16"]
[White "Shilov, Sergej"]
[Black "Rozumek, Krzysztof"]
[Result "1/2-1/2"]
[ECO "B10"]
[WhiteElo "2048"]
[BlackElo "1801"]
[Annotator "ChessBase"]
[PlyCount "93"]
[EventDate "2022.07.09"]
[EventType "swiss"]
[EventCountry "POL"]
[SourceTitle "playchess.com"]
[Source "ChessBase"]
[SourceQuality "1"]
[TimeControl "40/5400+30:1800+30"]

1. e4 c6 2. Nc3 d5 3. Nf3 Nf6 4. e5 Ne4 5. d3 Nxc3 6. bxc3 e6 7. d4 c5 8. dxc5 Bxc5 9. Bd3 Nc6 10. O-O h6 11. Qe2 Qc7 12. Be3 b6 13. Nd4 Bxd4 14. Bxd4 Nxd4 15. cxd4 Qc3 16. Qe3 Bd7 17. Qg3 g6 18. Qf4 Rc8 19. a4 Rf8 20. Qxh6 Qxd4 21. Qg5 Rh8 22. Qf6 Qh4 23. Qxh4 Rxh4 24. f4 Rc5 25. g3 Rh8 26. Rfb1 Ke7 27. a5 b5 28. a6 Rb8 29. Kf2 Rb6 30. Ke3 Rc8 31. h4 Rc7 32. Kd4 Bc8 33. Rxb5 Rxb5 34. Bxb5 Rxc2 35. Ra3 Rb2 36. Bd3 Rb6 37. Kc5 Bd7 38. g4 Kf8 39. Ra1 Bc8 40. Ra4 Kg7 41. Bb5 Rxb5+ 42. Kxb5 Bd7+ 43. Kb4 Bxa4 44. Kxa4 Kh6 45. Kb5 Kg7 46. Kc5 Kh6 47. Kd4 1/2-1/2